 Dungeon Crawl Stone Soup version 0.29.1-1-gd02db6906a (webtiles) character file.

Game seed: 10650118736976055504

1423 funnyparkerb the Sneak (level 8, -2/44 HPs)
             Began as a Vine Stalker Monk on Sept 29, 2022.
             Engulfed by a steam dragon's steam (3 damage)
             ... on level 6 of the Dungeon.
             The game lasted 00:09:20 (4737 turns).

funnyparkerb the Sneak (Vine Stalker Monk)          Turns: 4737, Time: 00:09:20

Health: -2/44      AC: 11    Str: 20    XL:     8   Next: 72%
Magic:  0/9        EV: 13    Int: 10    God:
Gold:   251        SH:  0    Dex: 25    Spells: 7/7 levels left

rFire   . . .      SeeInvis .   g - +3 dagger
rCold   . . .      Faith    +   (no shield)
rNeg    . . .      Spirit   +   e - +0 scale mail
rPois   .          Reflect  .   t - +2 helmet
rElec   .          Harm     .   (no cloak)
rCorr   .          Rampage  .   C - +1 pair of gloves
Will    +....                   (no boots)
Stlth   +++.......              r - amulet of faith
HPRegen 0.94/turn               z - +6 ring of dexterity
MPRegen 0.11/turn               x - +6 ring of strength

@: invisible
A: fangs 3, regeneration 1, magic shield, antimagic bite, no potion heal 2
a: no special abilities


You were on level 6 of the Dungeon.
You visited 2 branches of the dungeon, and saw 7 of its levels.

You collected 251 gold pieces.

Inventory:

Hand Weapons
 g - a +3 dagger (weapon)
 v - a +0 rapier
Missiles
 q - 2 poisoned darts (quivered)
Armour
 e - a +0 scale mail (worn)
 t - a +2 helmet (worn)
 C - a +1 pair of gloves (worn)
Jewellery
 a - a +6 ring of intelligence
 r - an amulet of faith (around neck)
 x - a +6 ring of strength (right hand)
 z - a +6 ring of dexterity (left hand)
Scrolls
 b - a scroll of brand weapon {unknown}
 d - 2 scrolls of immolation {unknown}
 f - 2 scrolls of torment {unknown}
 l - 3 scrolls of teleportation
 m - a scroll of enchant armour {unknown}
 u - a scroll of fear {unknown}
 y - a scroll of blinking {unknown}
 A - a scroll of poison {unknown}
Potions
 c - a potion of ambrosia
 h - 3 potions of curing {unknown}
 j - a potion of berserk rage
 n - a potion of brilliance
 o - 4 potions of heal wounds
 p - 2 potions of mutation {unknown}
 s - a potion of lignification {unknown}
 w - a potion of flight {unknown}


   Skills:
 + Level 6.0 Fighting
 - Level 6.0 Short Blades
 + Level 4.3 Dodging
 + Level 6.4 Stealth


You had 7 spell levels left.
You didn't know any spells.
Your spell library contained the following spells:

 Spells                   Type           Power      Damage    Failure   Level
 Sandblast                Erth           0%         2d4       75%         1
 Passwall                 Tmut/Erth      0%         N/A       86%         2
 Call Canine Familiar     Summ           0%         N/A       98%         3
 Inner Flame              Hex/Fire       0%         N/A       98%         3
 Ozocubu's Armour         Ice            0%         N/A       98%         3
 Portal Projectile        Hex/Tloc       0%         N/A       98%         3
 Stone Arrow              Conj/Erth      0%         3d7       98%         3
 Cause Fear               Hex            0%         N/A       100%        4
 Leda's Liquefaction      Hex/Erth       0%         N/A       100%        4
 Ozocubu's Refrigeration  Ice            0%         4d7       100%        7
 Discord                  Hex            0%         N/A       100%        8


Dungeon Overview and Level Annotations

Branches:
Dungeon (6/15)             Temple (1/1) D:4

Altars:
Dithmenos
Elyvilon
Gozag
Kikubaaqudgha
Okawaru
Ru
Sif Muna
Wu Jian
Xom
Yredelemnul
The Shining One

Shops:
D:4 [:=

Annotations:
D:3 1 runed translucent door, Crazy Yiuf
D:4 Eustachio
D:6 1 transporter


Innate Abilities, Weirdness & Mutations

You have razor-sharp teeth.
Your natural rate of healing is unusually fast.
When hurt, damage is shared between your health and your magic reserves.
Your bite disrupts and absorbs the magic of your enemies.
Potions cannot restore your health.


Message History

The steam dragon is lightly wounded.
You are engulfed in a cloud of scalding steam.
The steam dragon bites you. The steam dragon misses you.
You barely miss the steam dragon. Your bite misses the steam dragon.
The steam dragon is lightly wounded.
You are engulfed in a cloud of scalding steam.
You hit the steam dragon.
The steam dragon is moderately wounded.
You are engulfed in a cloud of scalding steam.
The steam dragon bites you. The steam dragon barely misses you.
You are too injured to fight recklessly!
You are too injured to fight recklessly!
You're standing in a cloud of steam!
You hit the steam dragon. Your bite misses the steam dragon.
The steam dragon is heavily wounded.
You are engulfed in a cloud of scalding steam.
The steam dragon bites you but does no damage.
The steam dragon closely misses you.
You hit the steam dragon but do no damage.
You bite the steam dragon, but do no damage.
The steam dragon is heavily wounded.
You are engulfed in a cloud of scalding steam.
You hit the steam dragon. You punch the steam dragon.
The steam dragon is severely wounded.
You are engulfed in a cloud of scalding steam.
The steam dragon bites you.
The steam dragon claws you but does no damage.
You hit the steam dragon but do no damage.
The steam dragon is severely wounded.
The steam dragon breathes steam at you. The ball of steam hits you!
* * * LOW HITPOINT WARNING * * *
You hit the steam dragon.
The steam dragon is almost dead.
You are engulfed in a cloud of scalding steam.
* * * LOW HITPOINT WARNING * * *
The steam dragon breathes steam at you. The ball of steam misses you.
You fade into invisibility!
You die...

#.#.........#.#####.##########
#...........#.# #.# #
#........<#.#.# ##.# #
####..########.#.# ##..####### #
........†......#§# #.........# #
....#.##########§###.#.#####.# #
....#.>....#####§#...#.#.###.# #
....#o.###.##..§§§.....#.....# #
...F#...# #.##@#.#.#.#.##### #
....##..#####.##D#.#.#.#.# #
...o...........#.#.#.#.#.# #
.#.#.#......#........#.#.# #
....h..#'##....#.....#.#.########
#.#.#o#....##.....##.#.#.........
........... #..#>....#.##########
.#.#.#.#...##..#.#####.........#
...........##..#.# #########.##


You could see a steam dragon (unable to see you, catching breath).

Vanquished Creatures
  Grinder (D:3)
  A water moccasin (D:6)
  2 black bears (D:6)
  A phantom (D:4)
  2 bullfrogs
  4 hounds
  An orc priest (D:4)
  3 jellies (D:5)
  5 orc wizards
  Terence (D:3)
  7 iguanas
  5 adders
  2 shadow imps
  A white imp (D:5)
  A worm (D:3)
  3 dart slugs
  26 orcs
  2 endoplasms
  6 giant cockroaches
  5 goblins
  5 hobgoblins
  5 jackals
  5 kobolds
  10 quokkas
  11 ball pythons
  3 bats
  A frilled lizard (D:2)
  5 rats
124 creatures vanquished.

Notes
Turn   | Place    | Note
-------+----------+-------------------------------------------
     0 | D:1      | funnyparkerb the Vine Stalker Monk began the quest for the
                  | Orb.
     0 | D:1      | Reached XP level 1. HP: 11/11 MP: 2/2
   496 | D:1      | Reached XP level 2. HP: 16/16 MP: 3/3
   572 | D:1      | Found a faded altar of an unknown god.
   752 | D:1      | Reached XP level 3. HP: 19/20 MP: 4/4
  1141 | D:2      | Found an ancient bone altar of Kikubaaqudgha.
  1604 | D:3      | Gained mutation: Your natural rate of healing is unusually
                  | fast. [Vine Stalker growth]
  1604 | D:3      | Reached XP level 4. HP: 25/25 MP: 5/5
  1698 | D:3      | Found a white marble altar of Elyvilon.
  1739 | D:4      | Noticed Eustachio
  1740 | D:4      | Found Gichuck's Book Boutique.
  1806 | D:3      | Reached XP level 5. HP: 26/29 MP: 6/6
  1824 | D:3      | Noticed Grinder
  1881 | D:3      | Killed Grinder
  1882 | D:3      | Reached skill level 5 in Fighting
  1882 | D:3      | Reached XP level 6. HP: 29/35 MP: 7/7
  1935 | D:3      | Found a basalt altar of Yredelemnul.
  2414 | D:3      | Noticed Terence
  2432 | D:3      | Killed Terence
  2493 | D:3      | Found a runed translucent door.
  2494 | D:3      | Noticed Crazy Yiuf
  2496 | D:3      | You fall into a shaft and drop 2 floors!
  2496 | D:5      | Entered Level 5 of the Dungeon
  2538 | D:5      | Reached XP level 7. HP: 29/39 MP: 5/8
  2673 | D:5      | Found a glowing golden altar of the Shining One.
  2797 | D:4      | Found Jeapleof's Antique Armour Emporium.
  2854 | D:4      | Found an opulent altar of Gozag.
  3146 | D:4      | Found a staircase to the Ecumenical Temple.
  3153 | Temple   | Entered the Ecumenical Temple
  3520 | D:4      | Found Quinuj's Jewellery Boutique.
  4066 | D:6      | Reached skill level 5 in Short Blades
  4066 | D:6      | Reached skill level 5 in Stealth
  4066 | D:6      | Gained mutation: You have razor-sharp teeth. [Vine Stalker
                  | growth]
  4066 | D:6      | Reached XP level 8. HP: 44/44 MP: 9/9
  4543 | D:6      | Found a transporter.
  4543 | D:6      | Noticed a kobold demonologist
  4736 | D:6      | HP: 1/44 [steam dragon] (4)]
  4737 | D:6      | Engulfed by a steam dragon's steam

Illustrated notes

Levels and vault maps discovered:
D:1:      sevenhm_arrival_forest_fort_small_4, layout_basic,
          shapermc_ecumenical_altar_pompeii
D:2:      layout_basic, basic_altar
D:3:      layout_basic, kennysheep_ying_yang, uniq_terence,
          uniq_crazy_yiuf_cottage, uniq_grinder
D:4:      layout_loops_cross, mainiacjoe_overflow_tiny_flanked,
          minmay_temple_entry_sparse_star, gup_sewer_entry_pipe, serial_shops,
          kennysheep_little_box, nicolae_inconvenience_store,
          nicolae_shop_statue_plus, uniq_eustachio
D:5:      layout_cave_pools, kennysheep_mini
D:6:      gammafunk_wand_slinger, layout_basic, ashenzari_conservatory_becter,
          hex_large, uniq_sigmund
Temple:   hellmonk_temple_beads

Skill      XL: |  1  2  3  4  5  6  7  8 |
---------------+-------------------------+-----
Fighting       | 3 4 5 6 |  6.0
Dodging        | 3 4 |  4.3
Short Blades   | 3 5 6 |  6.0
Stealth        | 3 5 6 |  6.4

Action                   |  1- 3 |  4- 6 |  7- 9 || total
-------------------------+-------+-------+-------++-------
Melee: Short sword       |    31 |       |       ||    31
       Bite              |    16 |    63 |    95 ||   174
       Dagger            |    52 |   166 |   277 ||   495
       Punch             |     1 |     1 |     7 ||     9
Throw: Dart              |       |     5 |     3 ||     8
  Use: Scroll            |       |       |     4 ||     4
       Potion            |       |       |     1 ||     1
 Stab: Sleeping          |       |       |     1 ||     1
       Distracted        |       |       |     1 ||     1
Armor: Scale mail        |    23 |    69 |   123 ||   215
       Robe              |     3 |       |       ||     3
Dodge: Dodged            |    46 |    65 |   148 ||   259
